 Dungeon Crawl Stone Soup version 0.24.0-1-gfbc8707122 (webtiles) character file.

Game seed: 9280804284133984667, levelgen mode: deterministic

1731 Mrkan the Fighter (level 8, -2/74 HPs)
             Began as a Red Draconian Fighter on Oct 25, 2019.
             Was a Believer of Qazlal.
             Slain by a centaur (4 damage)
             ... on level 7 of the Dungeon.
             The game lasted 00:10:39 (4815 turns).

Mrkan the Fighter (Red Draconian Fighter)           Turns: 4815, Time: 00:10:39

Health: -2/74      AC:  9    Str: 18    XL:     8   Next: 76%
Magic:  12/13      EV: 11    Int: 12    God:    Qazlal [**....]
Gold:   480        SH: 13    Dex: 10    Spells: 7/7 levels left

rFire    + . .     SeeInvis .   a - +0 long sword
rCold    . . .     Gourm    .   b - +0 shield
rNeg     . . .     Faith    .   (armour unavailable)
rPois    .         Spirit   .   g - +2 hat
rElec    .         Reflect  .   (no cloak)
rCorr    .         Harm     .   (no gloves)
MR       .....                  o - +0 pair of boots
Stlth    +.........             (no amulet)
HPRegen  0.22/turn              (no ring)
MPRegen  0.13/turn              (no ring)

@: no status effects
A: breathe fire, unfitting armour, fire resistance 1, cold-blooded, AC +6
a: Breathe Fire, Upheaval, Renounce Religion


You were on level 7 of the Dungeon.
You worshipped Qazlal.
Qazlal was pleased with you.
You were not hungry.

You visited 1 branch of the dungeon, and saw 7 of its levels.

You collected 480 gold pieces.

Inventory:

Hand Weapons
 a - a +0 long sword (weapon)
Missiles
 j - 5 javelins (quivered)
Armour
 b - a +0 shield (worn)
 g - a +2 hat (worn)
 o - a +0 pair of boots (worn)
Magical Staves
 l - an uncursed staff of poison {unknown}
Jewellery
 k - an uncursed ring of protection from magic
 u - the amulet "Gayloath" {rF- Regen+ Dex+6, unknown}
   (You found it on level 4 of the Dungeon)

   [amulet of regeneration]

   It affects your dexterity (+6).
   It makes you vulnerable to fire.
   It increases your rate of regeneration.
 y - a +6 ring of strength {unknown}
 z - a cursed amulet of inaccuracy {unknown}
Wands
 w - a wand of scattershot (7)
Scrolls
 e - 7 scrolls of identify {unknown}
 f - 7 scrolls of remove curse {unknown}
 h - 5 scrolls of teleportation {unknown}
 m - a scroll of noise {unknown}
 p - a scroll of enchant armour {unknown}
 v - a scroll of fog {unknown}
 x - a scroll of blinking {unknown}
Potions
 c - a potion of might
 i - 2 potions of flight {unknown}
 n - a potion of agility {unknown}
 r - a potion of magic {unknown}
 s - a potion of degeneration {unknown}
 t - a potion of haste {unknown}
Comestibles
 d - 12 rations


   Skills:
 + Level 8.0 Fighting
 - Level 2.0 Long Blades
 - Level 2.6 Dodging
 + Level 7.2 Shields
 + Level 6.7 Invocations


You had 7 spell levels left.
You didn't know any spells.
Your spell library was empty.

Dungeon Overview and Level Annotations

Branches:
Dungeon (7/15)
 Temple: D:4-7

Altars:
Ashenzari
Gozag
Hepliaklqana
Kikubaaqudgha
Qazlal
Ru
Trog
Uskayaw
The Shining One

Shops:
D:5 *[*(*


Innate Abilities, Weirdness & Mutations

You can breathe blasts of fire.
Your fiery red scales are hard. (AC +6)
You cannot fit into any form of body armour.
Your flesh is heat resistant. (rF+)
You are cold-blooded and may be slowed by cold attacks.


Message History

The sky beast is severely wounded.
The sky beast hits you but does no damage.
You hit the sky beast.
The sky beast is severely wounded.
The sky beast flickers out of sight!
Deactivating autopickup; reactivate with Ctrl-A.
Something hits you but does no damage. x2
You hit something.
The centaur shoots an arrow.
The arrow hits you!
* * * LOW HITPOINT WARNING * * *
The centaur shoots an arrow.
The arrow hits you.
* * * LOW HITPOINT WARNING * * *
Something hits you but does no damage.
You miss something.
The centaur shoots an arrow.
Reactivating autopickup.
Your Fighting skill increases to level 8!
You feel a bit more experienced.
Unknown command.
You hit the centaur but do no damage.
The centaur unwields a +0 shortbow.
The centaur hits you.
You die...

#$...#
#....#
#####(#
#.....#
#.....#
#.######.#
.......<.#
#.######c#
####@#
#....#
####.####
#....#
#.#### #.#
#.# #<#
###


You could see a centaur.

Vanquished Creatures
  Grinder (D:6)
  Menkaure (D:6)
  An orc warrior (D:5)
  2 phantoms (D:5)
  2 ogres
  2 scorpions
  2 crimson imps (D:5)
  A hound (D:4)
  A jelly (D:5)
  4 orc priests
  A bullfrog skeleton (D:5)
  An iguana (D:6)
  3 orc wizards
  Ijyb (D:3)
  6 worker ants
  A hound skeleton (D:4)
  A worker ant zombie (D:6)
  3 gnolls (D:4)
  11 adders
  An adder skeleton (D:3)
  5 worms
  3 dart slugs
  2 leopard geckos
  14 orcs
  5 giant cockroaches
  6 goblins
  9 hobgoblins
  12 kobolds
  A quokka (D:3)
  A ball python (D:1)
  6 bats
  3 frilled lizards
  A jackal skeleton (D:4)
  A quokka zombie (D:6)
  5 rats
120 creatures vanquished.

Vanquished Creatures (others)
  A sky beast (D:7)
1 creature vanquished.

Grand Total: 121 creatures vanquished

Notes
Turn   | Place    | Note
-------+----------+-------------------------------------------
     0 | D:1      | Mrkan the Draconian Fighter began the quest for the Orb.
     0 | D:1      | Reached XP level 1. HP: 19/19 MP: 1/1
   213 | D:1      | Reached XP level 2. HP: 15/26 MP: 2/2
   587 | D:1      | Reached skill level 4 in Fighting
   732 | D:2      | Found a stormy altar of Qazlal.
   768 | D:2      | Became a worshipper of Qazlal Stormbringer
   796 | D:2      | Reached XP level 3. HP: 33/33 MP: 3/3
   823 | D:2      | Found a sacrificial altar of Ru.
  1023 | D:2      | Reached skill level 1 in Invocations
  1268 | D:3      | Reached XP level 4. HP: 40/41 MP: 3/5
  1496 | D:3      | Noticed Ijyb
  1526 | D:3      | Killed Ijyb
  1526 | D:3      | Reached * piety under Qazlal
  1526 | D:3      | Reached XP level 5. HP: 36/47 MP: 6/6
  1933 | D:4      | Noticed an ogre
  1946 | D:4      | Killed an ogre
  1946 | D:4      | Reached skill level 5 in Fighting
  2059 | D:4      | Reached XP level 6. HP: 52/56 MP: 8/8
  2211 | D:4      | Found a hide-covered altar of Uskayaw.
  2223 | D:4      | Reached skill level 5 in Shields
  2320 | D:4      | Got a glittering emerald amulet
  2573 | D:5      | Entered Level 5 of the Dungeon
  2657 | D:5      | Found Viplor's Weapon Emporium.
  2662 | D:5      | Found Matatuyn's Assorted Antiques.
  2671 | D:5      | Found Ongoduim's Armour Shoppe.
  2689 | D:5      | Found Tyaxau's Assorted Antiques.
  2696 | D:5      | Your scales start taking on a fiery red colour.
  2696 | D:5      | Reached XP level 7. HP: 18/62 MP: 8/10
  2696 | D:5      | Gained mutation: Your flesh is heat resistant. (rF+) [Red
                  | Draconian growth]
  2761 | D:5      | Found a hazy altar of Hepliaklqana.
  3007 | D:5      | Found Cosy Guif's Assorted Antiques.
  3030 | D:5      | Reached skill level 6 in Fighting
  3682 | D:6      | Reached skill level 5 in Invocations
  3903 | D:5      | Reached ** piety under Qazlal
  3988 | D:5      | Reached skill level 7 in Fighting
  3988 | D:5      | Reached XP level 8. HP: 28/73 MP: 10/12
  4292 | D:6      | Found a glowing golden altar of the Shining One.
  4293 | D:6      | Found an ancient bone altar of Kikubaaqudgha.
  4293 | D:6      | Found an opulent altar of Gozag.
  4396 | D:6      | Noticed Menkaure
  4403 | D:6      | Killed Menkaure
  4424 | D:6      | Noticed Grinder
  4444 | D:6      | Killed Grinder
  4542 | D:6      | Found a bloodstained altar of Trog.
  4542 | D:6      | Found a shattered altar of Ashenzari.
  4813 | D:7      | HP: 2/74 [centaur/arrow (4)]
  4814 | D:7      | Reached skill level 8 in Fighting
  4815 | D:7      | Slain by a centaur

Levels and vault maps discovered:
D:1:      minmay_arrival_jagged, layout_loops_ring
D:2:      layout_basic, lemuel_round_altar, nicolae_ru_awakened_eye,
          grunt_decor_mini_mirrors
D:3:      layout_rooms, first_ration, minmay_bisected, uniq_ijyb
D:4:      layout_loops_ring, lemuel_round_altar
D:5:      layout_basic, kennysheep_little_box, serial_shops, nicolae_shop_trees,
          nicolae_shop_trees, shop, shop, shop_fountains
D:6:      layout_basic, gammafunk_temple_overflow_wave, minitemple,
          uniq_grinder, uniq_menkaure
D:7:      minmay_octagon_keep, layout_basic, lemuel_coloured_pillars_altar,
          lemuel_round_altar, minmay_temple_entry_proselytizer, grunt_ogre_cave

Skill      XL: |  1  2  3  4  5  6  7  8 |
---------------+-------------------------+-----
Fighting       | 4 5 7 8 |  8.0
Invocations    | 1 2 3 4 5 6 |  6.7
Shields        | 4 5 6 7 |  7.2
Long Blades    | |  2.0
Dodging        | |  2.6

Action                   |  1- 3 |  4- 6 |  7- 9 || total
-------------------------+-------+-------+-------++-------
Melee: Long sword        |   106 |   174 |   232 ||   512
       Tailslap          |     9 |    23 |    28 ||    60
       Unarmed           |       |     9 |       ||     9
  Use: Potion            |       |     2 |     2 ||     4
 Stab: Sleeping          |     2 |       |       ||     2
  Eat: Chunk             |     1 |     5 |     4 ||    10
       Ration            |       |       |     1 ||     1
Armor: Skin              |    33 |    51 |    69 ||   153
Dodge: Dodged            |    48 |    72 |    64 ||   184
Block: Shield            |    53 |   114 |   155 ||   322
       Rpst.: Long sword |    13 |    27 |    19 ||    59
